 Dungeon Crawl Stone Soup version 0.26-a0-652-gafc20e3620 (webtiles) character file.

Game seed: 5702722321627448863

3634 Flugkiller the Grappler (level 9, 12/81 HPs)
             Began as a Yellow Draconian Abyssal Knight on Sept 26, 2020.
             Was a High Priest of Lugonu.
             Quit the game on level 9 of the Dungeon on Oct 1, 2020.
             The game lasted 00:26:21 (5025 turns).

Flugkiller the Grappler (DrAK)                      Turns: 5025, Time: 00:26:22

Health: 12/81      AC:  8    Str: 14    XL:     9   Next: 87%
Magic:  14/14      EV: 14    Int: 17    God:    Lugonu [*****.]
Gold:   386        SH:  4    Dex: 10    Spells: 8/8 levels left

rFire    x . .     SeeInvis .     - Unarmed
rCold    + . .     Faith    .   a - +0 buckler
rNeg     . . .     Spirit   .   (armour unavailable)
rPois    .         Reflect  .   (helmet restricted)
rElec    .         Harm     .   j - +0 cloak
rCorr    +         Rampage  .   (no gloves)
MR       .....                  (no boots)
Stlth    ..........             (no amulet)
HPRegen  0.23/turn              d - ring of attention (curse)
MPRegen  0.14/turn              z - ring of ice

@: no status effects
A: spit acid, unfitting armour, antennae 1, mutation resistance 1, cold-blooded,
acid resistance, AC +7
a: Breathe Acid, Depart the Abyss, Bend Space, Banish, Corrupt, Enter the Abyss,
Renounce Religion


You were on level 9 of the Dungeon.
You worshipped Lugonu.
Lugonu was extremely pleased with you.
You visited 1 branch of the dungeon, and saw 9 of its levels.
You visited the Abyss 1 time.

You collected 386 gold pieces.

Inventory:

Hand Weapons
 g - a +1 short sword of venom
   (You took it off a kobold on level 3 of the Dungeon)
 k - a +0 morningstar
   (You took it off an orc on level 3 of the Dungeon)
 n - a +2 dagger of pain
   (You took it off an orc on level 3 of the Dungeon)
Missiles
 f - 208 arrows
 h - 3 poisoned darts (quivered)
Armour
 a - a +0 buckler (worn)
   (You found it on level 1 of the Abyss)
 j - a +0 cloak (worn)
   (You found it on level 3 of the Dungeon)
Jewellery
 d - a cursed ring of attention (left hand)
   (You found it on level 2 of the Dungeon)
 q - an uncursed ring of magical power
   (You found it on level 5 of the Dungeon)
 z - a ring of ice (right hand)
   (You found it on level 7 of the Dungeon)
Wands
 b - a wand of flame (30)
   (You took it off a goblin on level 7 of the Dungeon)
 A - a wand of disintegration (4)
   (You found it on level 7 of the Dungeon)
Scrolls
 c - 6 scrolls of remove curse
 e - a scroll of immolation {unknown}
 l - 2 scrolls of enchant weapon {unknown}
 m - a scroll of noise {unknown}
 o - 2 scrolls of teleportation {unknown}
 p - 2 scrolls of fog
 r - a scroll of amnesia
 v - a scroll of random uselessness {unknown}
 w - 2 scrolls of identify {unknown}
 x - a scroll of blinking
 y - 4 scrolls of fear
Potions
 i - a potion of curing
 u - a potion of cancellation


   Skills:
 + Level 8.0 Fighting
 + Level 6.0 Dodging
 - Level 2.0 Shields
 + Level 8.5 Unarmed Combat
 + Level 7.1 Invocations
 - Level 2.0 Evocations


You had 8 spell levels left.
You didn't know any spells.
Your spell library contained the following spells:

 Spells                   Type           Power        Failure   Level
 Bolt of Magma            Conj/Fire/Erth #.........   100%        5
 Iskenderun's Battlesphe  Conj           #.......     100%        5
 Iron Shot                Conj/Erth      #.........   100%        6
 Orb of Destruction       Conj           #.........   100%        7
 Spellforged Servitor     Conj/Summ      #.........   100%        7


Dungeon Overview and Level Annotations

Branches:
Dungeon (9/15)             Temple (0/1) D:4
   Lair: D:8-11         Orc: D:9-12

Altars:
Gozag
Sif Muna
Trog
Vehumet
Xom

Annotations:
D:8 Erica


Innate Abilities, Weirdness & Mutations

You can spit globs of acid.
Your golden yellow scales are hard. (AC +7)
You cannot fit into any form of body armour.
You are cold-blooded and may be slowed by cold attacks.
You are resistant to acid. (rCorr)
You have a pair of small antennae on your head.
You are somewhat resistant to further mutation.


Message History

* * * LOW HITPOINT WARNING * * *
You closely miss the phantom.
Your tail-slap misses the phantom.
The phantom is severely damaged.
The phantom blinks!
The scorpion stings you.
* * * LOW HITPOINT WARNING * * *
You hit the scorpion.
The scorpion is moderately wounded.
The scorpion stings you!
* * * LOW HITPOINT WARNING * * *
You punch the scorpion!
The scorpion is almost dead.
The phantom blinks!
Unknown command.
You hit the scorpion.
You kill the scorpion!
Lugonu accepts your kill.
Your Dodging skill increases to level 6!
Evoke which item? (* to show all) (? for menu, Esc to quit)
Aiming: Throw Flame
Press: ? - help, Shift-Dir - straight line, f/p - phantom
Aim: a phantom (severely damaged)
The puff of flame misses the phantom.
You have got your breath back.
A phantom is nearby!
Evoke which item? (* to show all) (? for menu, Esc to quit)
Aiming: Throw Flame
Press: ? - help, Shift-Dir - straight line, f/p - phantom
Aim: a phantom (severely damaged)
The puff of flame hits the phantom.
The phantom is almost destroyed.
Evoke which item? (* to show all) (? for menu, Esc to quit)
Aiming: Throw Flame
Press: ? - help, Shift-Dir - straight line, f/p - phantom
Aim: a phantom (almost destroyed)
The puff of flame misses the phantom.
Evoke which item? (* to show all) (? for menu, Esc to quit)
Aiming: Throw Flame
Press: ? - help, Shift-Dir - straight line, f/p - phantom
Aim: a phantom (almost destroyed)
The puff of flame hits the phantom!
You destroy the phantom!
Lugonu accepts your kill.
You see here a hand crossbow.
There is an open door here.
There is a stone staircase leading up here.
Save game and exit?
Welcome back, Flugkiller the Yellow Draconian Abyssal Knight.
Lugonu says: Spread carnage and corruption!
Press ? for a list of commands and other information.
Are you sure you want to abandon this character and quit the game? (Confirm with "yes".)

##########
#........##########
#.@......'.)....†..
#........##########
#........#
#...†....#
#........#
####'##### #.#
#.### #...#


There were no monsters in sight!

Vanquished Creatures
  Prince Ribbit (D:8)
  Menkaure (D:5)
  A black bear (D:8)
  A water moccasin (D:8)
  3 ice beasts
  An orc warrior (D:8)
  3 ogres
  A sky beast (D:5)
  2 phantoms
  4 centaurs
  A big kobold (D:8)
  8 bullfrogs
  3 scorpions
  4 killer bees (D:9)
  4 howler monkeys
  A bullfrog zombie (D:6)
  3 orc priests
  2 orc wizards
  3 hounds
  A jelly (D:6)
  4 iguanas
  5 worker ants
  2 hound skeletons
  10 gnolls
  6 adders
  A shadow imp (D:5)
  3 white imps
  2 oozes
  2 adder skeletons
  A worm (D:2)
  A dart slug (D:2)
  4 leopard geckos
  26 orcs
  6 bats
  4 giant cockroaches
  6 goblins
  10 hobgoblins
  10 jackals
  3 quokkas
  6 ball pythons
  6 frilled lizards
  A jackal skeleton (D:4)
  15 kobolds
  A leopard gecko zombie (D:5)
  A quokka zombie (D:7)
  9 rats
193 creatures vanquished.

Notes
Turn   | Place    | Note
-------+----------+-------------------------------------------
     0 | Abyss:1  | Flugkiller the Draconian Abyssal Knight began the quest for
                  | the Orb.
     0 | Abyss:1  | Reached XP level 1. HP: 19/19 MP: 2/2
   148 | Abyss:4  | Noticed a water nymph
   149 | D:1      | Escaped the Abyss
   235 | D:1      | Reached * piety under Lugonu
   283 | D:1      | Reached XP level 2. HP: 22/26 MP: 3/3
   465 | D:1      | Reached XP level 3. HP: 17/31 MP: 4/4
   868 | D:2      | Reached ** piety under Lugonu
   972 | D:2      | Reached XP level 4. HP: 16/40 MP: 5/5
  1083 | D:2      | Found an opulent altar of Gozag.
  1380 | D:3      | Reached XP level 5. HP: 17/46 MP: 6/6
  1702 | D:3      | Found a bloodstained altar of Trog.
  1844 | D:4      | Reached skill level 5 in Fighting
  1867 | D:4      | Reached *** piety under Lugonu
  1976 | D:4      | Noticed an ogre
  2190 | D:4      | Reached XP level 6. HP: 24/57 MP: 7/7
  2261 | D:4      | Found a bloodstained altar of Trog.
  2336 | D:4      | Reached skill level 1 in Shields
  2361 | D:4      | Found a staircase to the Ecumenical Temple.
  2439 | D:5      | Entered Level 5 of the Dungeon
  2477 | D:5      | Noticed an ice beast
  2495 | D:5      | Killed an ice beast
  2507 | D:5      | Your scales start taking on a golden yellow colour.
  2507 | D:5      | Reached XP level 7. HP: 60/63 MP: 8/8
  2507 | D:5      | Gained mutation: You are resistant to acid. (rCorr) [Yellow
                  | Draconian growth]
  2535 | D:5      | Found a shimmering blue altar of Sif Muna.
  2623 | D:5      | Reached skill level 5 in Unarmed Combat
  2869 | D:5      | Noticed Menkaure
  2878 | D:5      | Killed Menkaure
  2891 | D:5      | Found a shimmering altar of Xom.
  3140 | D:6      | Reached XP level 8. HP: 40/70 MP: 9/9
  3421 | D:7      | Reached **** piety under Lugonu
  3423 | D:7      | Reached skill level 5 in Dodging
  3476 | D:7      | Reached skill level 5 in Invocations
  3672 | D:7      | Found a radiant altar of Vehumet.
  3948 | D:6      | Gained mutation: You are somewhat resistant to further
                  | mutation. [potion of mutation]
  3948 | D:6      | Gained mutation: You have a pair of small antennae on your
                  | head. [potion of mutation]
  4122 | D:6      | Reached XP level 9. HP: 53/78 MP: 13/13
  4342 | D:8      | Found an opulent altar of Gozag.
  4576 | D:8      | Noticed Prince Ribbit
  4580 | D:8      | Killed Prince Ribbit
  4664 | D:8      | Noticed Erica
  4779 | D:8      | Reached skill level 1 in Evocations
  4947 | D:9      | Reached ***** piety under Lugonu
  5025 | D:9      | Upgraded the game from 0.26-a0-649-gf8c6c3aab7 to
                  | 0.26-a0-652-gafc20e3620
  5025 | D:9      | Quit the game

Illustrated notes

Levels and vault maps discovered:
D:1:      noname_arrival_rooms_in_the_neighbourhood, layout_basic,
          minmay_rat_gold_closets
D:2:      layout_rooms, nicolae_gozag_seed_capital
D:3:      layout_basic, lemuel_statue_altar
D:4:      layout_loops_cross, lightli_temple_of_fire,
          minmay_temple_entry_stoned_glass, minmay_goblin_kobold_house
D:5:      layout_loops_ring, nicolae_overflow_crystal_walls,
          lemuel_zombie_altar_yredelemnul, lemuel_coloured_pillars_altar,
          corexii_leaking_fountain, uniq_menkaure
D:6:      layout_loops_ring, minmay_misc_feat_more_columns, minivault_22
D:7:      layout_loops_ring, vehumet_altar_wand_db
D:8:      layout_loops_corners, overflow_temple_1_default,
          kennysheep_pointless_box, uniq_prince_ribbit1, uniq_erica
D:9:      layout_roguey, grunt_lair_entry_orc_guard_hut

Skill      XL: |  1  2  3  4  5  6  7  8  9 |
---------------+----------------------------+-----
Unarmed Combat | 3 4 7 8 |  8.5
Fighting       | 4 5 6 8 |  8.0
Dodging        | 3 4 5 6 |  6.0
Shields        | 2 |  2.0
Invocations    | 6 7 |  7.1
Evocations     | 2 |  2.0

Action                   |  1- 3 |  4- 6 |  7- 9 || total
-------------------------+-------+-------+-------++-------
Melee: Unarmed           |   187 |    59 |   297 ||   543
       Tailslap          |    18 |    25 |    21 ||    64
       Short sword       |       |   163 |    39 ||   202
Throw: Dart              |       |     7 |    15 ||    22
Invok: Depart the Abyss  |     1 |       |       ||     1
 Abil: Breathe Acid      |       |       |    36 ||    36
Evoke: Wand              |       |       |    21 ||    21
  Use: Scroll            |     2 |       |     4 ||     6
       Potion            |     1 |       |     7 ||     8
 Stab: Sleeping          |     1 |       |       ||     1
Armor: Skin              |    77 |    64 |    78 ||   219
Dodge: Dodged            |   123 |   126 |   209 ||   458
Block: Buckler           |    31 |    27 |    43 ||   101

Table legend: (Time is in decaauts)
 A = Elapsed time spent in this place.
 B = Non-inter-level travel time spent in this place.
 C = Inter-level travel time spent in this place.
 D = Time resting spent in this place.
 E = Time spent auto-exploring this place.
 F = Levels seen in this place.
 G = Mean time per level.
                   A        B        C        D        E       F      G
               +--------+--------+--------+--------+--------+-----+--------+
         Total |   5119 |   5119 |      0 |      0 |      0 |  13 |  393.8 |
       Dungeon |   4967 |   4967 |      0 |      0 |      0 |   9 |  551.9 |
         Abyss |    151 |    151 |      0 |      0 |      0 |   4 |   37.8 |
               +--------+--------+--------+--------+--------+-----+--------+

Top non-repeatable levels by time:
     D:5: 853 daAuts
     D:2: 689 daAuts
     D:3: 647 daAuts
     D:7: 625 daAuts
     D:1: 551 daAuts
     D:8: 547 daAuts
     D:4: 454 daAuts
     D:6: 445 daAuts
     D:9: 152 daAuts
 Abyss:1: 71 daAuts
 Abyss:3: 57 daAuts
 Abyss:4: 20 daAuts
 Abyss:2: 2 daAuts
